 Dungeon Crawl Stone Soup version 0.29.0-4-gdea44cf6ec (webtiles) character file.

Game seed: 10624490466229974270

12 sentinel the Digger (level 2, 0/20 HPs)
             Began as a Meteoran Earth Elementalist on Aug 27, 2022.
             Slain by an orc
             ... wielding a +0 war axe
              (7 damage)
             ... on level 2 of the Dungeon.
             The game lasted 00:01:19 (97 turns).

sentinel the Digger (Meteoran Earth Elementalist)     Turns: 97, Time: 00:01:20

Health: 0/20       AC:  2    Str:  9    XL:     2   Next: 64%
Magic:  2/6        EV: 12    Int: 16    God:
Gold:   0          SH:  0    Dex: 14    Spells: 5/6 levels left

rFire   + . .      SeeInvis .   (no weapon)
rCold   + . .      Faith    .   (no shield)
rNeg    . . .      Spirit   .   a - +0 robe
rPois   .          Reflect  .   (no helmet)
rElec   .          Harm     .   c - scarf {rC+ rF+}
rCorr   .          Rampage  .   (no gloves)
Will    .....                   (no boots)
Stlth   +.........              (no amulet)
HPRegen 0.06/turn               (no ring)
MPRegen 0.10/turn               (no ring)

@: very slightly contaminated, glowing
A: sense surroundings 1, otherworldly, glowing, explore regen
a: no special abilities


You were on level 2 of the Dungeon.
You visited 1 branch of the dungeon, and saw 2 of its levels.

Inventory:

Armour
 a - a +0 robe (worn)
 c - a scarf of resistance (worn)
Potions
 b - a potion of magic
 d - a potion of curing {unknown}


   Skills:
 - Level 2.4 Dodging
 - Level 1.4 Stealth
 - Level 2.6 Spellcasting
 - Level 1.2 Transmutations
 + Level 4.5 Earth Magic


You had 5 spell levels left.
You knew the following spells:

 Your Spells              Type           Power      Damage    Failure   Level
a - Sandblast             Erth           32%        2d9       3%          1

Your spell library contained the following spells:

 Spells                   Type           Power      Damage    Failure   Level
 Passwall                 Tmut/Erth      9%         N/A       9%          2
 Stone Arrow              Conj/Erth      18%        3d8       22%         3
 Petrify                  Tmut/Erth      11%        N/A       52%         4


Dungeon Overview and Level Annotations

Branches:
Dungeon (2/15) Zot: 1095

Altars:


Innate Abilities, Weirdness & Mutations

You passively map a small area around you.
You are easily found by Zot.
You glow in the dark.
You regain HP and MP as you explore.


Message History

Welcome, sentinel the Meteoran Earth Elementalist.
The Orb of Zot is coveted for many reasons.
Will you seize it for your own?
Press ? for a list of commands and other information.
Found the meteoran corpse of sentinel.
Found a staircase leading out of the dungeon.
Press: ? - help, v - describe, . - travel, g - get item Item here: the meteoran corpse of sentinel.
The floor, spattered with blood.
You open the door.
There is an open door here.
Found a stone staircase leading down.
A kobold comes into view. It is wielding a +0 short sword.
The kobold shouts!
There is a stone staircase leading down here.
You open the door.
The blast of sand hits the kobold!
You kill the kobold!
There is a stone staircase leading down here.
You climb downwards.
There is a stone staircase leading up here.
Found an escape hatch in the ceiling.
You open the door.
A giant cockroach comes into view.
Found a viscous golden potion and a glowing scarf.
There is an open door here.
The blast of sand misses the giant cockroach.
The giant cockroach bites you.
The blast of sand hits the giant cockroach but does no damage.
The giant cockroach bites you. x2
The blast of sand hits the giant cockroach!
You kill the giant cockroach!
You see here a scarf of resistance.
You start putting on your armour.
You continue putting on your scarf of resistance. x4
You finish putting on your scarf of resistance.
You feel resistant to extremes of temperature.
d - a viscous golden potion You open the door.
You open the door.
An orc comes into view. It is wielding a +0 short sword.
The orc shouts!
An orc comes into view. It is wielding a +0 whip.
An orc comes into view. It is wielding a +0 falchion.
An orc comes into view. It is wielding a +0 war axe.
There is an open door here.
You miscast Sandblast.
You are very lightly contaminated with residual magic.
Nothing appears to happen.
The orc shouts! x2
An orc comes into view. It is wielding a +0 war axe.
The blast of sand hits the orc but does no damage.
The orc throws a boomerang.
The boomerang barely misses you. The orc hits you with a +0 short sword.
The orc attacks as you move away! The orc misses you.
The blast of sand hits the orc.
The orc is lightly wounded.
The orc attacks as you move away! The orc barely misses you.
Your magical contamination has completely faded away.
The blast of sand misses the orc.
The orc closely misses you. x2
The orc barely misses you.
There is an open door here.
The blast of sand hits the orc!
You kill the orc!
Your Earth Magic skill increases to level 4!
You have reached level 2!
Okay, then.
The blast of sand hits the orc!
You kill the orc!
You are out of magic!
You open the large door.
There is a large open door here.
A worm comes into view.
Found a scroll labelled ITWYXA FITAKHLOI.
A hobgoblin comes into view.
The hobgoblin shouts!
Found 5 stones.
A quokka, a dart slug and a goblin come into view.
The goblin shouts!
The quokka moves out of view.
The blast of sand hits the orc!
You kill the orc!
Casting: Sandblast (safe; 3% risk of failure)
Confirm with . or Enter, or press ? or * to list all spells.
Aiming: Sandblast (safe; 3% risk of failure)
Press: ? - help, Shift-Dir - straight line, f - orc
Aim: an orc, wielding a +0 whip (black smoke, 82% to hit)
The blast of sand hits the orc!
You kill the orc!
Casting: Sandblast (safe; 3% risk of failure)
Confirm with . or Enter, or press ? or * to list all spells.
Aiming: Sandblast (safe; 3% risk of failure)
Press: ? - help, Shift-Dir - straight line, f - worm
Aim: a worm (94% to hit)
Okay, then.
The dart slug launches a dart at you. The slug dart hits you.
The orc barely misses you. The orc barely misses you.
The hobgoblin attacks as you move away! The hobgoblin barely misses you.
The hobgoblin attacks as you move away! The hobgoblin misses you.
The orc attacks as you move away! The orc hits you but does no damage.
There is a large open door here.
The orc attacks as you move away! The orc hits you with a +0 war axe!
Ouch! That really hurt!
* * * LOW HITPOINT WARNING * * *
The hobgoblin attacks as you move away!
The hobgoblin hits you but does no damage.
You are too injured to fight recklessly!
Unknown command.
Casting: Sandblast (safe; 3% risk of failure)
Confirm with . or Enter, or press ? or * to list all spells.
Aiming: Sandblast (safe; 3% risk of failure)
Press: ? - help, Shift-Dir - straight line, f - hobgoblin
Aim: a hobgoblin (82% to hit)
The blast of sand hits the hobgoblin!
You kill the hobgoblin!
Casting: Sandblast (safe; 3% risk of failure)
Confirm with . or Enter, or press ? or * to list all spells.
Aiming: Sandblast (safe; 3% risk of failure)
Press: ? - help, Shift-Dir - straight line, f - orc
Aim: an orc, wielding a +0 war axe (82% to hit)
You miscast Sandblast.
You are very lightly contaminated with residual magic.
Nothing appears to happen.
The quokka bites you.
Casting: Sandblast (safe; 3% risk of failure)
Confirm with . or Enter, or press ? or * to list all spells.
Aiming: Sandblast (safe; 3% risk of failure)
Press: ? - help, Shift-Dir - straight line, f - worm, p - orc
Aim: a worm (94% to hit)
The blast of sand hits the quokka!
You kill the quokka!
The orc hits you with a +0 war axe!
You die...

§§.§§≈≈§§≈≈≈###.# ##o....##
~§≈§.§§§≈≈§§≈# #.# ##o..##
≈§§§§§§≈≈§§≈###.# ##'##
..§≈...g.§w.'...# ,, * #.#
..§§§g...§)§'.### ,..#
≈.§..≈≈§§§§§#g# * #.o#
≈≈..≈§≈≈§§≈≈#w# ,* .... *
≈≈..≈≈§≈≈≈≈≈#o###.##..#....,
≈≈.w≈≈≈≈§≈≈##.@.......#....
≈≈..≈≈≈≈≈§#######.....#...##
* ≈≈..≈≈§≈≈## * *###* ~
≈≈.§§≈≈≈## , * ~ , * * * * *
, * , * , * * , ,*


You could see a worm, an orc and a goblin.

Vanquished Creatures
  4 orcs (D:2)
  A giant cockroach (D:2)
  A hobgoblin (D:2)
  A kobold (D:1)
  A quokka (D:2)
8 creatures vanquished.

Notes
Turn   | Place    | Note
-------+----------+-------------------------------------------
     0 | D:1      | sentinel the Meteoran Earth Elementalist began the quest
                  | for the Orb.
     0 | D:1      | Reached XP level 1. HP: 14/14 MP: 5/5
    70 | D:2      | Reached skill level 4 in Earth Magic
    70 | D:2      | Reached XP level 2. HP: 17/20 MP: 1/6
    97 | D:2      | Slain by an orc

Illustrated notes

Levels and vault maps discovered:
D:1:      nicolae_arrival_memento_mori, layout_basic,
          shapermc_ecumenical_altar_mp_highgroup, nicolae_eternal_life
D:2:      kennysheep_big_flooded_room, layout_loops_corners, uniq_robin

Skill      XL: |  1 |
---------------+----+-----
Earth Magic    | 4 |  4.5
Dodging        | |  2.4
Stealth        | |  1.4
Spellcasting   | |  2.6
Transmutations | |  1.2

Action                   || total
-------------------------++-------
 Cast: Sandblast         ||    13
Armor: Robe              ||     2
Dodge: Dodged            ||    10
